 Dungeon Crawl Stone Soup version 0.30.1 (webtiles) character file.

Game seed: 16016436433304852824

235 Pepete the Conjurer (level 5, -8/29 HPs)
             Began as a Deep Elf Conjurer on July 2, 2023.
             Mangled by Grinder (9 damage)
             ... on level 3 of the Dungeon.
             The game lasted 00:08:50 (7191 turns).

Pepete the Conjurer (Deep Elf Conjurer)             Turns: 7191, Time: 00:08:50

Health: -8/29      AC:  5    Str:  4    XL:     5   Next: 76%
Magic:  3/14       EV: 12    Int: 25    God:
Gold:   172        SH:  0    Dex: 13    Spells: 4/13 levels left

rFire   . . .        d - +2 spear
rCold   . . .        (no shield)
rNeg    . . .        a - +0 robe
rPois   .            (no helmet)
rElec   .            (no cloak)
rCorr   .            j - +2 pair of gloves
SInv    .            (no boots)
Will    .....        (no amulet)
Stlth   ++           (no ring)
HPRegen 0.24/turn    (no ring)
MPRegen 0.14/turn

%: no passive effects
@: no status effects
A: no striking features
a: no special abilities


You were on level 3 of the Dungeon.
You visited 1 branch of the dungeon, and saw 3 of its levels.

You collected 172 gold pieces.

Inventory:

Hand Weapons
 d - a +2 spear (weapon)
 f - a +0 short sword
Armour
 a - a +0 robe (worn)
 j - a +2 pair of gloves (worn)
Jewellery
 c - a ring of ice
Wands
 h - a wand of flame (21)


   Skills:
 + Level 1.3 Fighting
 + Level 1.1 Armour
 - Level 2.4 Dodging
 - Level 2.4 Stealth
 * Level 4.7 Spellcasting
 * Level 5.2 Conjurations
 * Level 2.3 Translocations
 * Level 2.0 Air Magic


You had 4 spell levels left.
You knew the following spells:

 Your Spells              Type           Power      Damage    Failure   Level
a - Magic Dart            Conj           100%       1d8       1%          1
b - Vhi's Electric Charg  Tloc/Air       32%        N/A       11%         3
c - Arcjolt               Conj/Air       12%        1d22      47%         5

Your spell library contained the following spells:

 Spells                   Type           Power      Damage    Failure   Level
 Searing Ray              Conj           64%        2d6       1%          2
 Dazzling Flash           Conj/Hex       38%        N/A       9%          3
 Iskenderun's Mystic Bla  Conj/Tloc      25%        2d7       17%         4
 Fulminant Prism          Conj/Hex       9%         3d7       28%         4
 Plasma Beam              Fire/Air       5%         2x1d17    100%        6


Dungeon Overview and Level Annotations

Branches:
Dungeon (3/15)

Altars:

Annotations:
D:3 Grinder


Message History

Confirm with . or Enter, or press ? or * to list all spells.
Okay, then.
As you read the scroll of enchant weapon, it crumbles to dust.
Your +1 spear glows red for a moment.
Grinder barely misses you.
Casting: Magic Dart (safe; 1% risk of failure)
Confirm with . or Enter, or press ? or * to list all spells.
You can't charge at grinder because you're already next to there.
Casting: Vhi's Electric Charge (quite dangerous; 11% risk of failure)
Confirm with . or Enter, or press ? or * to list all spells.
The spell is astonishingly dangerous to miscast (47% risk of failure)!
Continue anyway?
Okay, then.
Casting: Arcjolt (astonishingly dangerous; 47% risk of failure)
Confirm with . or Enter, or press ? or * to list all spells.
Aiming: Magic Dart (safe; 1% risk of failure)
Press: ? - help, Shift-Dir - straight line, f/p - Grinder
Aim: Grinder (moderately wounded, 100% to hit)
The magic dart hits Grinder.
Grinder is moderately wounded.
Grinder gestures at you. Pain shoots through your body!
* * * LOW HITPOINT WARNING * * *
Casting: Magic Dart (safe; 1% risk of failure)
Confirm with . or Enter, or press ? or * to list all spells.
Aiming: Magic Dart (safe; 1% risk of failure)
Press: ? - help, Shift-Dir - straight line, f/p - Grinder
Aim: Grinder (moderately wounded, 100% to hit)
The magic dart hits Grinder but does no damage.
Grinder is moderately wounded.
Grinder says, "There's only one good use for a tongue: cutting it out."
Grinder gestures at you. You resist with significant effort.
Casting: Magic Dart (safe; 1% risk of failure)
Confirm with . or Enter, or press ? or * to list all spells.
Aiming: Magic Dart (safe; 1% risk of failure)
Press: ? - help, Shift-Dir - straight line, f/p - Grinder
Aim: Grinder (moderately wounded, 100% to hit)
The magic dart hits Grinder.
Grinder is heavily wounded.
Grinder hits you!
You die...

#############
#...........#
#.#########.#
######5#######
#.#
#...)@.......#
#.#
.....#########.#
#.# ... #.# #.#
. ##.###.# ##
##...##)# #.
..#####.....#.#
#.
............))#
#.
##..##......##
#. #. ##...#.#
#.


You could see Grinder.

Vanquished Creatures
  A centaur skeleton (D:3)
  Natasha (thrice) (D:3)
  Robin (D:3)
  4 adders
  An adder zombie (D:3)
  7 worms
  3 dart slugs
  An endoplasm (D:1)
  A giant cockroach (D:1)
  6 goblins
  6 hobgoblins
  3 jackals
  5 kobolds
  2 quokkas
  3 ball pythons
  4 bats
  A frilled lizard (D:2)
  A quokka skeleton (D:3)
  3 rats
56 creatures vanquished.

Vanquished Creatures (collateral kills)
  A goblin (D:3)
  A rat (D:3)
2 creatures vanquished.

Grand Total: 58 creatures vanquished

Notes
Turn   | Place    | Note
-------+----------+-------------------------------------------
     0 | D:1      | Pepete the Deep Elf Conjurer began the quest for the Orb.
     0 | D:1      | Reached XP level 1. HP: 10/10 MP: 6/6
   507 | D:1      | Reached XP level 2. HP: 14/15 MP: 6/8
  2831 | D:2      | Reached XP level 3. HP: 10/20 MP: 0/10
  3911 | D:2      | Reached skill level 1 in Translocations
  4967 | D:2      | Learned a level 3 spell: Vhi's Electric Charge
  5077 | D:3      | Reached skill level 1 in Air Magic
  5349 | D:3      | Noticed Robin
  5641 | D:2      | Reached XP level 4. HP: 24/24 MP: 2/12
  5934 | D:3      | Noticed Natasha
  5937 | D:3      | Killed Natasha
  5958 | D:3      | Noticed Natasha
  5962 | D:3      | Killed Natasha
  5963 | D:3      | Reached skill level 1 in Fighting
  5973 | D:3      | Reached skill level 5 in Conjurations
  6593 | D:3      | Reached XP level 5. HP: 29/29 MP: 9/13
  6593 | D:3      | Noticed Grinder
  6736 | D:2      | Learned a level 5 spell: Arcjolt
  6879 | D:3      | Reached skill level 1 in Armour
  6908 | D:3      | Noticed Natasha
  6913 | D:3      | Killed Natasha
  6941 | D:3      | Killed Robin
  7189 | D:3      | HP: 1/29 [Grinder/nerve-wracking pain (9)]
  7191 | D:3      | Mangled by Grinder

Illustrated notes

Levels and vault maps discovered:
D:1:      saegor_arrival_miasma, layout_basic, minmay_pentomino_q2
D:2:      layout_loops_corners
D:3:      minmay_spotlight, layout_loops_ring, nicolae_overflow_crystal_walls,
          serial_undead, serial_undead_c, serial_undead_b, serial_undead_b,
          serial_undead_a, serial_undead_c, serial_undead_f,
          shapermc_ecumenical_altar_rom_forum, uniq_robin, uniq_natasha,
          uniq_grinder

Skill      XL: |  1  2  3  4  5 |
---------------+----------------+-----
Translocations | 1 2 |  2.3
Air Magic      | 1 2 |  2.0
Spellcasting   | 4 |  4.7
Fighting       | 1 |  1.3
Conjurations   | 5 |  5.2
Armour         | 1 |  1.1
Dodging        | |  2.4
Stealth        | |  2.4

Action                     |  1- 3 |  4- 6 || total
---------------------------+-------+-------++-------
  Melee: Spear             |    23 |     6 ||    29
   Cast: Magic Dart        |   127 |    73 ||   200
         Vhi's Electric Ch |       |     1 ||     1
    Use: Potion            |     3 |     2 ||     5
         Scroll            |     8 |     2 ||    10
 Armour: Robe              |    10 |    17 ||    27
  Dodge: Dodged            |    33 |    37 ||    70
